 Dungeon Crawl Stone Soup version 0.32-a0-12-g7fc57aa741 (webtiles) character file.

Game seed: 5744322902904573880

1391 Conn the Sneak (level 8, -4/48 HPs)
             Began as an Octopode Fire Elementalist on Jan 14, 2024.
             Was a Believer of Vehumet.
             Slain by a gnoll sergeant
             ... wielding a +3 spear of freezing
              (6 damage)
             ... on level 6 of the Dungeon.
             The game lasted 00:13:40 (5724 turns).

Conn the Sneak (Octopode Fire Elementalist)         Turns: 5724, Time: 00:13:43

Health: -4/48      AC:  5    Str:  8    XL:     8   Next: 68%
Magic:  6/14       EV: 14    Int: 19    God:    Vehumet [**....]
Gold:   414        SH:  0    Dex: 12    Spells: 2/15 levels left

rFire   . . .        r - +4 hand axe (elec)
rCold   . . .        (no shield)
rNeg    + . .        (helmet restricted)
rPois   .            o - amulet of faith
rElec   .            j - ring of positive energy
rCorr   .            s - +4 ring of protection
SInv    .            (no ring)
Will    .....        (no ring)
Stlth   ++++         (no ring)
HPRegen 0.28/turn    (no ring)
MPRegen 0.14/turn    (no ring)
                     (no ring)

%: faith
@: very slightly contaminated
A: almost no armour, amphibious, 8 rings, camouflage 1, gelatinous body 1,
(nimble swimmer 1), tentacles
a: Renounce Religion


You were on level 6 of the Dungeon.
You worshipped Vehumet.
Vehumet was pleased with you.
You visited 1 branch of the dungeon, and saw 6 of its levels.

You collected 414 gold pieces.

Inventory:

Hand Weapons
 d - a +0 dagger
 r - a +4 hand axe of electrocution (weapon)
Magical Staves
 q - a staff of death
Jewellery
 j - a ring of positive energy (left tentacle)
 o - an amulet of faith (around mantle)
 s - a +4 ring of protection (right tentacle)
Scrolls
 a - a scroll of noise {unknown}
 b - 2 scrolls of fear {unknown}
 c - 2 scrolls of fog {unknown}
 f - 3 scrolls of identify {unknown}
 h - 3 scrolls of teleportation {unknown}
 m - 2 scrolls of immolation {unknown}
 n - 2 scrolls of poison {unknown}
Potions
 e - a potion of haste
 g - a potion of degeneration {unknown}
 i - a potion of heal wounds {unknown}
 k - 3 potions of brilliance {unknown}
 l - a potion of lignification {unknown}
 p - a potion of berserk rage {unknown}


   Skills:
 + Level 1.2 Fighting
 + Level 1.1 Axes
 + Level 4.6 Dodging
 - Level 6.3 Stealth
 + Level 4.3 Spellcasting
 + Level 4.2 Conjurations
 + Level 3.2 Hexes
 + Level 5.0 Fire Magic
 + Level 0.1 Air Magic
 + Level 0.3 Alchemy


You had 2 spell levels left.
You knew the following spells:

 Your Spells              Type           Power      Damage    Failure   Level
a - Foxfire               Conj/Fire      84%        2x1d8     1%          1
b - Scorch                Fire           46%        2d6       2%          2
c - Inner Flame           Hex/Fire       20%        N/A       7%          3
d - Flame Wave            Conj/Fire      21%        2d8       19%         4
e - Mephitic Cloud        Conj/Alch/Air  10%        N/A       21%         3

Your spell library contained the following spells:

 Spells                   Type           Power      Damage    Failure   Level
 Stone Arrow              Conj/Erth      24%        3d8       17%         3
 Mercury Vapours          Alch/Air       10%        N/A       19%         2
 Volatile Blastmotes      Fire/Tloc      26%        2d12      14%         3
 Freezing Cloud           Conj/Ice/Air   4%         6-21      90%         5


Dungeon Overview and Level Annotations

Branches:
Dungeon (6/15)             Temple (0/1) D:5

Altars:
Vehumet

Shops:
D:5 =


Innate Abilities, Weirdness & Mutations

You cannot wear most types of armour.
You are amphibious.
You can wear up to eight rings at the same time.
Your skin changes colour to match your surroundings (Stealth+).
Your rubbery body absorbs attacks. (AC +1, EV +1)
((You are camouflaged when in or above water. (Stealth+)))
You have tentacles for arms and can constrict up to eight enemies at once.


Message History

You constrict the gnoll sergeant.
The gnoll sergeant hits you with a +3 spear of freezing!
* * * LOW HITPOINT WARNING * * *
The gnoll sergeant freezes you.
* * * LOW HITPOINT WARNING * * *
Casting: Flame Wave (quite dangerous; 19% risk of failure)
Confirm with . or Enter, or press ? or * to list all spells.
Flames lash the gnoll sergeant.
The gnoll sergeant is burned terribly!
The gnoll sergeant is heavily wounded.
You constrict the gnoll sergeant.
The gnoll sergeant hits you with a +3 spear of freezing.
* * * LOW HITPOINT WARNING * * *
The gnoll sergeant freezes you.
* * * LOW HITPOINT WARNING * * *
Unknown command.
Unknown command.
Okay, then.
Unknown command.
Unknown command.
Unknown command.
Unknown command.
Casting: Scorch (safe; 2% risk of failure)
Confirm with . or Enter, or press ? or * to list all spells.
Okay, then.
Unknown command.
Okay, then.
Okay, then.
Casting: Scorch (safe; 2% risk of failure)
Confirm with . or Enter, or press ? or * to list all spells.
Okay, then.
Casting: Scorch (safe; 2% risk of failure)
Confirm with . or Enter, or press ? or * to list all spells.
Casting: Flame Wave (quite dangerous; 19% risk of failure)
Press: ? - help, Dir - look around, f - activate You miscast Flame Wave.
You are very lightly contaminated with residual magic.
Nothing appears to happen.
You constrict the gnoll sergeant, but do no damage.
The gnoll sergeant hits you with a +3 spear of freezing.
You die...

.. #.# #.#
#.## #..#
##..#
...######)..##
...........#g#
####.##.#)#@#
.##
###..##)##.##
..#
#......)####
#.# #.#####)#
#.# #.# #)#
#.# #.# #.#
#.# #.# #.#
####.# #.# #.#
#...<# ##
##v#####.#
#.####


You could see a gnoll sergeant (combustible).

Vanquished Creatures
  Menkaure (D:6)
  An ice beast (D:5)
  An ogre (D:5)
  A gnoll sergeant (D:5)
  A howler monkey (D:5)
  2 jellies
  A bombardier beetle (D:6)
  6 hounds
  3 orc priests (D:4)
  3 iguanas
  3 orc wizards
  22 gnolls
  12 adders
  2 ufetubi (D:6)
  4 ribbon worms
  A dart slug (D:3)
  33 orcs
  6 ball pythons
  4 bats
  4 endoplasms
  A giant cockroach (D:3)
  5 goblins
  8 hobgoblins
  10 jackals (D:5)
  2 quokkas
  3 frilled lizards
  A kobold (D:4)
  2 rats (D:1)
143 creatures vanquished.

Vanquished Creatures (others)
  343 foxfires
343 creatures vanquished.

Grand Total: 486 creatures vanquished

Notes
Turn   | Place    | Note
-------+----------+-------------------------------------------
     0 | D:1      | Conn the Octopode Fire Elementalist began the quest for the
                  | Orb.
     0 | D:1      | Reached XP level 1. HP: 11/11 MP: 3/3
   370 | D:1      | Reached XP level 2. HP: 17/17 MP: 1/5
   372 | D:1      | Reached skill level 3 in Stealth
  1033 | D:2      | Learned a level 2 spell: Scorch
  1165 | D:2      | Reached XP level 3. HP: 15/21 MP: 3/6
  1850 | D:3      | Reached XP level 4. HP: 27/27 MP: 7/7
  1947 | D:3      | Noticed an orc warrior
  2000 | D:3      | Learned a level 3 spell: Inner Flame
  2119 | D:3      | Reached skill level 4 in Stealth
  2119 | D:3      | Reached XP level 5. HP: 21/31 MP: 3/9
  3293 | D:4      | Reached skill level 1 in Hexes
  3293 | D:4      | Reached XP level 6. HP: 36/36 MP: 3/10
  3649 | D:5      | Entered Level 5 of the Dungeon
  3728 | D:5      | Found a radiant altar of Vehumet.
  3745 | D:5      | Noticed an ice beast
  3752 | D:5      | Killed an ice beast
  3753 | D:5      | Reached skill level 5 in Stealth
  3753 | D:5      | Reached XP level 7. HP: 41/41 MP: 0/12
  3765 | D:5      | Became a worshipper of Vehumet
  3871 | D:5      | Found Xouxtomu's Jewellery Shop.
  4187 | D:5      | Reached * piety under Vehumet
  4187 | D:5      | Offered knowledge of Kiss of Death by Vehumet.
  4492 | D:5      | Reached skill level 6 in Stealth
  4492 | D:5      | Reached XP level 8. HP: 46/46 MP: 5/13
  4588 | D:5      | Reached ** piety under Vehumet
  4591 | D:5      | Offered knowledge of Shock by Vehumet.
  5031 | D:5      | Found a staircase to the Ecumenical Temple.
  5112 | D:5      | Learned a level 4 spell: Flame Wave
  5398 | D:6      | Noticed Menkaure
  5405 | D:6      | Killed Menkaure
  5410 | D:6      | Reached skill level 5 in Fire Magic
  5442 | D:6      | Reached skill level 1 in Fighting
  5442 | D:6      | Reached skill level 1 in Axes
  5585 | D:6      | Learned a level 3 spell: Mephitic Cloud
  5645 | D:6      | Offered knowledge of Stone Arrow by Vehumet.
  5723 | D:6      | HP: 2/48 [gnoll sergeant/+3 spear of freezing (3)]
  5724 | D:6      | Slain by a gnoll sergeant

Illustrated notes

Levels and vault maps discovered:
D:1:      matt_arrival_los_fun, layout_basic, minivault_14
D:2:      layout_loops_ring
D:3:      layout_basic, kennysheep_generic_room_8
D:4:      layout_basic
D:5:      lemuel_castle_with_subvaults [lemuel_castle_interior_original],
          layout_basic, overflow_temple_1_default,
          minmay_temple_entry_stoned_glass, serial_shops, shop
D:6:      layout_loops_ring, amcnicky_altar_gilded, jmf_multi_god_temple2,
          uniq_blork_the_orc, uniq_menkaure

Skill      XL: |  1  2  3  4  5  6  7  8 |
---------------+-------------------------+-----
Stealth        | 3 4 5 6 |  6.3
Conjurations   | 2 3 4 |  4.2
Dodging        | 3 4 |  4.6
Spellcasting   | 3 4 |  4.3
Hexes          | 1 2 3 |  3.2
Fire Magic     | 4 5 |  5.0
Fighting       | 1 |  1.2
Axes           | 1 |  1.1
Air Magic      | |  0.1
Alchemy        | |  0.3

Action                     |  1- 3 |  4- 6 |  7- 9 || total
---------------------------+-------+-------+-------++-------
  Melee: Unarmed           |     2 |       |       ||     2
         Tentacles         |     7 |    13 |     6 ||    26
         Constrict         |     5 |    12 |     4 ||    21
         Dagger            |    16 |    48 |     4 ||    68
         Hand axe          |       |       |    16 ||    16
   Cast: Foxfire           |    42 |    41 |   117 ||   200
         Scorch            |     2 |    18 |    10 ||    30
         Inner Flame       |       |     3 |     6 ||     9
    Use: Potion            |       |     2 |       ||     2
   Stab: Sleeping          |     4 |     6 |     1 ||    11
         Distracted        |       |       |     1 ||     1
 Armour: Skin              |     8 |    24 |    15 ||    47
  Dodge: Dodged            |     8 |    33 |    21 ||    62

Table legend: (Time is in decaauts)
 A = Elapsed time spent in this place.
 B = Non-inter-level travel time spent in this place.
 C = Inter-level travel time spent in this place.
 D = Time resting spent in this place.
 E = Time spent auto-exploring this place.
 F = Levels seen in this place.
 G = Mean time per level.
                   A        B        C        D        E       F      G
               +--------+--------+--------+--------+--------+-----+--------+
         Total |   5706 |   5630 |     76 |     81 |   4255 |   6 |  951.0 |
       Dungeon |   5706 |   5630 |     76 |     81 |   4255 |   6 |  951.0 |
               +--------+--------+--------+--------+--------+-----+--------+

Top non-repeatable levels by time:
     D:5: 1728 daAuts
     D:4: 1079 daAuts
     D:1: 1024 daAuts
     D:3: 811 daAuts
     D:2: 712 daAuts
     D:6: 349 daAuts
